 Dungeon Crawl Stone Soup version 0.23.2-33-g5129a83184 (webtiles) character file.

Game seed: 4098545420403190585

2519 t4s4d4r the Cleaver (level 9, -9/72 HPs)
             Began as a Purple Draconian Skald on July 14, 2019.
             Was an Initiate of Qazlal.
             Mangled by an orc warrior
             ... wielding a +0 trident
              (19 damage)
             ... on level 7 of the Dungeon.
             The game lasted 00:10:17 (8896 turns).

t4s4d4r the Cleaver (Purple Draconian Skald)        Turns: 8896, Time: 00:10:18

Health: -9/72      AC: 15    Str: 15    XL:     9   Next: 29%
Magic:  10/12      EV: 12    Int: 24    God:    Qazlal [......]
Gold:   69         SH:  0    Dex:  6    Spells: 1/12 levels left

rFire    . . .     SeeInvis .   A - +0 battleaxe
rCold    . . .     Gourm    .   (shield currently unavailable)
rNeg     . . .     Faith    .   (armour unavailable)
rPois    +         Spirit   .   (helmet restricted)
rElec    .         Reflect  .   v - +4 cloak of the Peculiar Spirits {rPois MR- Int+8 Dex-4}
rCorr    .         Harm     .   h - +2 pair of gloves
MR       +....                  (no boots)
Stlth    +.........             (no amulet)
HPRegen  0.22/turn              p - ring of protection from magic
MPRegen  0.13/turn              (no ring)

@: short of breath
A: breathe power, unfitting armour, cold-blooded, AC +7
a: Breathe Dispelling Energy, Renounce Religion


You were on level 7 of the Dungeon.
You worshipped Qazlal.
Qazlal was noncommittal.
You were hungry.

You visited 2 branches of the dungeon, and saw 8 of its levels.

You collected 669 gold pieces.
You spent 600 gold pieces at shops.

Inventory:

Hand Weapons
 a - a +0 hand axe
 A - a +0 battleaxe (weapon)
Missiles
 d - 168 stones (quivered)
Armour
 h - a +2 pair of gloves (worn)
 v - the +4 cloak of the Peculiar Spirits (worn) {rPois MR- Int+8 Dex-4}
   (You bought it in a shop on level 6 of the Dungeon)

   It affects your intelligence (+8).
   It affects your dexterity (-4).
   It protects you from poison.
   It affects your resistance to hostile enchantments.
 w - a +0 buckler
Jewellery
 p - a ring of protection from magic (left hand)
Wands
 i - a wand of flame (27)
 q - a wand of paralysis (12)
 x - a wand of acid (11)
Scrolls
 f - a scroll of noise {unknown}
 g - a scroll of blinking {unknown}
 j - a scroll of magic mapping
 l - a scroll of enchant armour
 n - a scroll of immolation {unknown}
 o - 2 scrolls of fear
 r - 2 scrolls of remove curse
 s - 3 scrolls of teleportation
 z - 2 scrolls of fog {unknown}
 B - a scroll of amnesia
 D - a scroll of enchant weapon {unknown}
Potions
 b - a potion of invisibility
 e - a potion of brilliance
 k - 2 potions of heal wounds
 m - a potion of cancellation
 t - a potion of curing
 C - a potion of haste {unknown}
Comestibles
 c - 11 rations


   Skills:
 + Level 4.4 Fighting
 - Level 10.9 Axes
 + Level 3.9 Dodging
 - Level 1.1 Shields
 - Level 2.4 Spellcasting
 + Level 5.1 Charms


You had one spell level left.
You knew the following spells:

 Your Spells              Type           Power        Failure   Level  Hunger
a - Infusion              Chrm           ####         1%          1    None
b - Shroud of Golubria    Chrm/Tloc      ###.......   6%          2    ##.....
c - Spectral Weapon       Hex/Chrm       ###.....     12%         3    ###....
d - Song of Slaying       Chrm           ####....     1%          2    ##.....
e - Regeneration          Chrm/Necr      ###.......   12%         3    ###....

Your spell library contained the following spells:

 Spells                   Type           Power        Failure   Level  Hunger
 Poisonous Vapours        Pois/Air       #.....       17%         2    ##.....
 Conjure Flame            Conj/Fire      #.......     34%         3    ###....
 Mephitic Cloud           Conj/Pois/Air  #.......     34%         3    ###....
 Freezing Cloud           Conj/Ice/Air   #.........   100%        6    #######
 Ring of Flames           Chrm/Fire      ###.......   100%        7    #######


Dungeon Overview and Level Annotations

Branches:
Dungeon (7/15)             Temple (1/1) D:7

Altars:
Ashenzari
Cheibriados
Dithmenos
Fedhas
Hepliaklqana
Kikubaaqudgha
Makhleb
Qazlal
Ru
Vehumet
Xom
Yredelemnul
Zin

Shops:
D:4 (   D:6 }[!}}


Innate Abilities, Weirdness & Mutations

You can breathe bolts of dispelling energy.
Your rich purple scales are hard. (AC +7)
You cannot fit into any form of body armour.
You are cold-blooded and may be slowed by cold attacks.


Message History

The orc priest invokes the aid of Beogh against you.
Beogh smites you!
* * * LOW HITPOINT WARNING * * *
The orc wizard hits you but does no damage.
Press: ? - help, Shift-Dir - straight line, f - orc wizard
Aim: an orc wizard, wielding a +0 dagger and wearing a +0 robe (almost dead)
You breathe a bolt of dispelling energy.
The bolt of dispelling energy hits the orc wizard.
You kill the orc wizard!
Qazlal accepts your kill.
The bolt of dispelling energy misses the orc warrior.
The bolt of dispelling energy hits the orc priest!
The orc priest is severely wounded.
The bolt of dispelling energy hits the orc!
You kill the orc!
Qazlal accepts your kill.
You feel somewhat more hungry.
The orc priest miscasts a cantrip.
The orc warrior hits you from afar with a +0 trident!!
You die...

#.# #.# #)# #.# #.# #.#
####.###### #.# #
.........)# #.# ##.#
.###.####.# #.# ..$ .#
#.# #.# #.# ####.#####
.# #.#
#.########.####)....%...
.# #.#
#.......@)o.o[...[..# .#
#.#
##########.####.........
.# ... #.# ####..#### .#
#.# #.# ..... #.# .....
#.# ###.. ... . ...


You could see an orc warrior and an orc priest.

Vanquished Creatures
  A hippogriff (D:7)
  A black bear (D:7)
  A sky beast (D:5)
  2 ice beasts
  6 ogres
  4 centaurs
  A bullfrog (D:6)
  A wight (D:7)
  A centaur zombie (D:6)
  3 crimson imps
  A howler monkey (D:6)
  3 jellies
  A bullfrog zombie (D:5)
  2 hounds
  2 bullfrog skeletons (D:6)
  2 orc priests
  3 orc wizards
  4 worker ants
  2 hound zombies
  A hound skeleton (D:4)
  5 gnolls
  A howler monkey skeleton (D:6)
  14 adders
  2 shadow imps
  5 oozes
  2 adder skeletons
  3 worms
  4 leopard geckos
  16 orcs
  8 giant cockroaches
  7 goblins
  5 hobgoblins
  6 jackals
  5 quokkas
  4 bats
  2 frilled lizards
  11 kobolds
  A leopard gecko skeleton (D:3)
  A quokka zombie (D:6)
  3 rats
147 creatures vanquished.

Vanquished Creatures (others)
  2 spectral weapons
2 creatures vanquished.

Grand Total: 149 creatures vanquished

Notes
Turn   | Place    | Note
-------+----------+-------------------------------------------
     0 | D:1      | t4s4d4r the Draconian Skald began the quest for the Orb.
     0 | D:1      | Reached XP level 1. HP: 17/17 MP: 3/3
   586 | D:1      | Reached XP level 2. HP: 24/24 MP: 5/5
  1268 | D:2      | Reached skill level 3 in Axes
  1561 | D:2      | Learned a level 2 spell: Shroud of Golubria
  1579 | D:2      | Reached XP level 3. HP: 25/29 MP: 1/6
  1805 | D:2      | Reached skill level 4 in Axes
  2071 | D:2      | Reached XP level 4. HP: 29/36 MP: 3/7
  2204 | D:2      | Learned a level 3 spell: Spectral Weapon
  2540 | D:3      | Reached skill level 5 in Axes
  2743 | D:3      | Reached XP level 5. HP: 41/41 MP: 3/8
  3781 | D:4      | Found Yshatops's Antique Weapon Shop.
  3809 | D:4      | Reached skill level 6 in Axes
  4002 | D:4      | Reached XP level 6. HP: 4/48 MP: 9/9
  4421 | D:4      | HP: 2/48 [gnoll/+0 halberd (15)]
  4937 | D:4      | Reached skill level 7 in Axes
  5217 | D:4      | Learned a level 2 spell: Song of Slaying
  5234 | D:5      | Entered Level 5 of the Dungeon
  5302 | D:5      | Your scales start taking on a rich purple colour.
  5302 | D:5      | Reached XP level 7. HP: 8/55 MP: 7/10
  5639 | D:5      | Reached skill level 8 in Axes
  6295 | D:5      | Reached skill level 9 in Axes
  6386 | D:5      | Reached XP level 8. HP: 17/61 MP: 5/11
  6674 | D:5      | Reached skill level 10 in Axes
  7408 | D:6      | Found Wyelai's Antique Armour Boutique.
  7517 | D:6      | Bought a shimmering cloak for 180 gold pieces
  7758 | D:6      | Learned a level 3 spell: Regeneration
  7763 | D:6      | Identified the +4 cloak of the Peculiar Spirits {rPois MR-
                  | Int+8 Dex-4} (You bought it in a shop on level 6 of the
                  | Dungeon)
  7795 | D:6      | Found Huroata's Gadget Boutique.
  7809 | D:6      | Bought a wand of acid (11) for 420 gold pieces
  7854 | D:6      | Found a sacrificial altar of Ru.
  7940 | D:6      | Reached skill level 1 in Shields
  7957 | D:6      | Found Qifiqo's Gadget Shoppe.
  8037 | D:6      | Found Eduattul's Gadget Emporium.
  8230 | D:6      | Reached XP level 9. HP: 58/70 MP: 12/12
  8285 | D:6      | Found Qozxeq's Distillery.
  8569 | D:7      | Found a staircase to the Ecumenical Temple.
  8589 | Temple   | Entered the Ecumenical Temple
  8624 | Temple   | Became a worshipper of Qazlal Stormbringer
  8673 | D:7      | Reached skill level 5 in Charms
  8894 | D:7      | HP: 1/72 [orc warrior/+0 trident (7)]
  8896 | D:7      | Mangled by an orc warrior

Skill      XL: |  1  2  3  4  5  6  7  8  9 |
---------------+----------------------------+-----
Axes           | 3 4 5 6 7 9 10 | 10.9
Charms         | 3 4 5 |  5.1
Shields        | 1 |  1.1
Fighting       | 3 4 |  4.4
Dodging        | 3 |  3.9
Spellcasting   | |  2.4

Action                   |  1- 3 |  4- 6 |  7- 9 || total
-------------------------+-------+-------+-------++-------
Melee: Hand axe          |   109 |   255 |   219 ||   583
       Tailslap          |    10 |    24 |    39 ||    73
       Battleaxe         |       |       |    98 ||    98
 Cast: Infusion          |     5 |     1 |     1 ||     7
       Spectral Weapon   |       |     3 |    12 ||    15
       Shroud of Golubri |       |     1 |     1 ||     2
 Abil: Breathe Dispellin |       |       |     4 ||     4
  Use: Scroll            |       |     6 |     5 ||    11
       Potion            |       |     1 |     1 ||     2
 Stab: Sleeping          |       |     1 |       ||     1
  Eat: Chunk             |     4 |    11 |    13 ||    28
Armor: Skin              |    38 |    87 |   129 ||   254
Dodge: Dodged            |    88 |   155 |   204 ||   447
